AoeStats
← Boxster553

Arena

509956078Analyzed
4v4 RM · 2d ago on Sep 28, 2026· 45m 4s· 8 players
Game mode
Random Map
Map size
Large (8 player)
Population
200
Speed
Normal
Resources
Standard
Victory
Conquest
Starting age
Dark Age
Ending age
Imperial Age
RankedLock teamsTeams togetherTeam positionsShared explorationLock speedFull tech treeHidden civsTurbo modeCheats
Victory
Defeat
🇦🇷 Aztecs · Argentina
1180
+15
🇨🇭 Goths · Switzerland
1155
+16
🇬🇷 Mongols · Greece
1141
+17
🇬🇧 Teutons · United Kingdom
1125
+17
🇮🇹 Italians · Italy
1231
-19
🇿🇦 Danes · South Africa
1214
-19
🇲🇽 Lithuanians · Mexico
1125
-15
🇮🇳 Teutons · India
1057
-12
SombreWeb
10:07 Feudal Age
13:54 Castle Age
12:13 Double-Bit Axe
12:25 Horse Collar
15:29 Bow Saw
19:59 Wheelbarrow
20:12 Heavy Plow
20:31 Town Watch
21:19 Loom
22:27 Gold Mining
24:24 Hand Cart
28:12 Imperial Age
26:11 Forging
26:23 Stone Mining
26:33 Fletching
26:45 Scale Mail Armor
27:42 Iron Casting
28:26 Stone Shaft Mining
28:50 Chain Mail Armor
28:31 Bodkin Arrow
28:18 Pikeman
28:59 Squires
28:45 Arson
28:45 Gambesons
29:03 Padded Archer Armor
30:36 Two-Man Saw
30:07 Masonry
29:34 Halberdier
31:20 Crop Rotation
31:48 Plate Mail Armor
32:19 Blast Furnace
31:57 Conscription
32:21 Ballistics
33:14 Chemistry
35:39 Ironclad
35:55 Hoardings
35:33 Town Patrol
35:19 Onager
37:44 Siege Engineers
39:07 Siege Onager
40:15 Fortified Wall
39:37 Man-at-Arms
42:24 Long Swordsman
JonBlack
9:55 Feudal Age
10:40 Feudal Age
12:45 Double-Bit Axe
15:07 Castle Age
13:49 Horse Collar
18:38 Bow Saw
18:19 Loom
19:10 Loom
24:01 Wheelbarrow
27:51 Imperial Age
25:52 Fletching
26:47 Heavy Plow
26:47 Bodkin Arrow
26:31 Crossbowman
27:14 Gold Mining
28:36 Bracer
29:47 Chemistry
29:15 Ballistics
29:19 Conscription
29:25 Arbalester
32:32 Hand Cart
36:35 Gold Shaft Mining
Salmanassar V
9:49 Feudal Age
14:44 Castle Age
12:45 Double-Bit Axe
12:43 Horse Collar
20:30 Heavy Plow
22:24 Wheelbarrow
25:14 Gold Mining
27:03 Hand Cart
27:07 Bow Saw
29:56 Imperial Age
27:27 Scale Mail Armor
27:38 Forging
27:34 Loom
28:23 Squires
27:44 Pikeman
28:40 Chain Mail Armor
28:26 Anarchy
29:54 Iron Casting
33:20 Blast Furnace
32:41 Conscription
34:15 Perfusion
34:53 Halberdier
gpal23
6:38 Loom
12:01 Feudal Age
12:44 Horse Collar
16:23 Castle Age
15:04 Double-Bit Axe
17:48 Bow Saw
20:48 Fervor
23:20 Wheelbarrow
24:15 Heavy Plow
25:07 Hand Cart
30:02 Imperial Age
27:38 Gold Mining
28:02 Scale Barding Armor
29:44 Chain Barding Armor
29:34 Forging
29:27 Caravan
32:02 Iron Casting
31:19 Fletching
31:29 Padded Archer Armor
31:42 Bloodlines
31:33 Husbandry
32:51 Ballistics
33:32 Chemistry
35:13 Blast Furnace
34:09 Bodkin Arrow
34:29 Leather Archer Armor
34:25 Heavy Scorpion
35:41 Conscription
35:16 Elite Steppe Lancer
36:56 Siege Engineers
37:28 Elite Mangudai
Abraham16034735
9:52 Feudal Age
14:51 Castle Age
13:15 Double-Bit Axe
13:15 Horse Collar
16:21 Bow Saw
19:49 Wheelbarrow
21:55 Hand Cart
21:26 Loom
21:28 Town Watch
27:24 Scale Barding Armor
27:43 Bloodlines
28:13 Husbandry
28:37 Chain Barding Armor
31:17 Imperial Age
29:29 Forging
29:45 Fletching
30:58 Iron Casting
32:54 Plate Barding Armor
34:43 Cavalier
40:55 Gold Mining
41:00 Stone Mining
42:19 Ballistics
Player2
10:37 Feudal Age
14:21 Castle Age
12:09 Double-Bit Axe
12:21 Horse Collar
16:04 Heavy Plow
18:57 Loom
19:49 Wheelbarrow
19:29 Town Watch
23:06 Hand Cart
27:58 Imperial Age
26:05 Fletching
26:16 Padded Archer Armor
26:22 Stone Mining
26:56 Bow Saw
26:37 Gold Mining
27:37 Bodkin Arrow
27:57 Leather Archer Armor
28:22 Ballistics
29:12 Thumb Ring
29:09 Squires
28:55 Arson
29:39 Bracer
30:24 Conscription
31:28 Chemistry
34:46 Masonry
34:16 Treadmill Crane
34:05 Pikeman
36:51 Guilds
38:15 Light Cavalry
39:06 Bloodlines
38:57 Husbandry
38:18 Cavalier
40:07 Architecture
40:09 Ring Archer Armor
39:57 Fortified Wall
40:18 Architecture
40:24 Silk Road
40:43 Hoardings
Terra.
10:39 Feudal Age
11:37 Double-Bit Axe
14:27 Castle Age
12:13 Horse Collar
12:25 Gold Mining
15:27 Bow Saw
17:38 Wheelbarrow
23:05 Hand Cart
23:41 Loom
23:42 Town Watch
24:05 Stone Mining
24:55 Gold Shaft Mining
26:19 Stone Shaft Mining
25:49 Scale Mail Armor
25:59 Forging
26:05 Masonry
29:25 Imperial Age
28:01 Chain Mail Armor
28:21 Iron Casting
28:32 Town Patrol
28:38 Squires
27:58 Pikeman
28:27 Arson
30:05 Onager
31:48 Chemistry
30:53 Siege Engineers
31:23 Conscription
30:24 Elite Jomsviking
30:40 Halberdier
32:04 Ballistics
31:43 Murder Holes
31:44 Siege Onager
32:45 Hamask
35:12 Hoardings
36:23 Northmen's Fury
40:55 Heavy Plow
41:03 Elite Skirmisher
41:45 Padded Archer Armor
41:35 Fletching
42:45 Blast Furnace
42:16 Plate Mail Armor
Boxster553
10:50 Feudal Age
13:10 Loom
17:02 Castle Age
15:23 Double-Bit Axe
16:50 Wheelbarrow
16:00 Town Watch
16:55 Horse Collar
17:52 Heavy Plow
18:06 Bow Saw
19:55 Wheelbarrow
24:13 Gold Mining
24:15 Stone Mining
24:44 Hand Cart
25:25 Town Patrol
27:08 Stone Shaft Mining
28:03 Fletching
28:23 Forging
28:14 Scale Mail Armor
28:41 Masonry
29:46 Squires
29:32 Arson
30:24 Iron Casting
32:59 Imperial Age
31:24 Chain Mail Armor
33:46 Ironclad
33:26 Bodkin Arrow
34:00 Ballistics
34:42 Chemistry
34:05 Crenellations
33:40 Onager
34:16 Capped Ram
35:59 Conscription
35:30 Elite Teutonic Knight
37:18 Hoardings
43:24 Blast Furnace
42:30 Scale Barding Armor
42:09 Cavalier
42:59 Bloodlines
Connection lost

Rejoining the realm…

Still unreachable

The connection could not be restored.

Session expired

The server has moved on; the page needs a fresh start.